 Dungeon Crawl Stone Soup version 0.26.1-10-gdfb7c7de75 (webtiles) character file.

Game seed: 2394419327889989960

507389 generaletaddeo the Imperceptible (level 25, -41/128 HPs)
             Began as a Vine Stalker Air Elementalist on Mar 30, 2021.
             Was the Champion of Ashenzari.
             Killed from afar by a lich (68 damage)
             ... with a crystal spear
             ... on level 5 of the Vaults on Apr 6, 2021.
             The game lasted 14:02:17 (69140 turns).

generaletaddeo the Imperceptible (VSAE)            Turns: 69140, Time: 14:02:17

Health: -41/128    AC:  8    Str: 16    XL:     25   Next: 40%
Magic:  0/47       EV: 28    Int: 28    God:    Ashenzari [******]
Gold:   622        SH: 29    Dex: 22    Spells: 2/62 levels left

rFire    + + .     SeeInvis +   J - +9 quick blade (vorpal)
rCold    + . .     Faith    .   u - +10 kite shield "Raupaben" {Rampage rN++ Will+} (curse)
rNeg     + + .     Spirit   +   H - +1 robe "Yhiec" {Slay+6} (curse)
rPois    .         Reflect  +   K - +0 helmet of a Labyrinth {Dex+2 Slay+3 Stlth+} (curse)
rElec    .         Harm     .   N - scarf {rC+ rF+} (curse)
rCorr    +         Rampage  +   L - +2 pair of gloves {Str+3} (curse)
Will     ++++.     Clarity  +   t - +0 pair of boots of the Fifty Youths {rCorr Int+5} (curse) Stlth *+++++++++
                                E - amulet of reflection (curse)
HPRegen  1.11/turn              i - ring of Symmetry {rF+ Dex+3 Slay+4}
MPRegen  0.30/turn              r - ring of wizardry (curse)

@: no potions, very slightly contaminated, invisible
A: fangs 3, regeneration 2, magic shield, antimagic bite, no potion heal 3,
subdued magic 1
}: 2/15 runes: serpentine, barnacled
a: Renounce Religion, Curse Item, Scrying, Transfer Knowledge


You were on level 5 of the Vaults.
You worshipped Ashenzari.
Ashenzari was exalted by your worship.
You visited 9 branches of the dungeon, and saw 45 of its levels.
You also visited: Sewer and Volcano.

You collected 5644 gold pieces.
You spent 5022 gold pieces at shops.

Inventory:

Hand Weapons
 f - a +6 vampiric dagger
 D - a +2 rapier of holy wrath
 I - the +8 short sword "Jiclabbo" {vamp, +Rage rElec MP-9}
   (You bought it in a shop on level 8 of the Dungeon)

   It inflicts no extra harm, but heals its wielder when it wounds a living foe.
   It insulates you from electricity.
   It affects your magic capacity (-9).
   It lets you go berserk.
 J - a +9 vorpal quick blade (weapon)
Missiles
 p - 16 curare-tipped darts
 s - 5 throwing nets
 B - 8 datura-tipped darts (quivered)
 Q - 25 atropa-tipped darts
Armour
 t - the cursed +0 pair of boots of the Fifty Youths (worn) {rCorr Int+5}
   (You acquired it on level 11 of the Dungeon)

   It affects your intelligence (+5).
   It provides partial protection from all sources of acid and corrosion.
   It has a curse placed upon it.
 u - the cursed +10 kite shield "Raupaben" (worn) {Rampage rN++ Will+}
   (You took it off Donald on level 1 of the Elven Halls)

   It greatly protects you from negative energy.
   It affects your willpower, your defense against some magical effects.
   It bestows one free step when moving towards enemies.
   It has a curse placed upon it.
 H - the cursed +1 robe "Yhiec" (worn) {Slay+6}
   (You bought it in a shop on level 4 of the Shoals)

   It affects your accuracy and damage with ranged weapons and melee attacks
   (+6).
   It has a curse placed upon it.
 K - the cursed +0 helmet of a Labyrinth (worn) {Dex+2 Slay+3 Stlth+}
   (You found it on level 1 of the Lair of Beasts)

   It affects your dexterity (+2).
   It affects your accuracy and damage with ranged weapons and melee attacks
   (+3).
   It makes you more stealthy.
   It has a curse placed upon it.
 L - a cursed +2 pair of gloves of strength (worn)
 N - a cursed scarf of resistance (worn)
Jewellery
 g - an uncursed ring of ice
 i - the ring of Symmetry (left hand) {rF+ Dex+3 Slay+4}
   (You bought it in a shop on level 4 of the Vaults)

   [ring of slaying]

   It affects your dexterity (+3).
   It affects your accuracy and damage with ranged weapons and melee attacks
   (+4).
   It protects you from fire.
 r - a cursed ring of wizardry (right hand)
 v - a +6 ring of intelligence
 y - the ring "Sadgh" {Dex+10 SInv Stlth+}
   (You found it on level 1 of the Depths)

   [ring of stealth]

   It affects your dexterity (+10).
   It lets you see invisible.
   It makes you more stealthy.
 E - a cursed amulet of reflection (around neck)
 Y - an uncursed ring of positive energy
Wands
 o - a wand of acid (41)
 z - a wand of paralysis (38)
 S - a wand of random effects (63)
 T - a wand of iceblast (23)
 U - a wand of disintegration (95)
Scrolls
 a - 3 scrolls of silence
 c - 11 scrolls of remove curse
 e - 6 scrolls of magic mapping
 k - 20 scrolls of teleportation
 l - 3 scrolls of vulnerability
 q - 2 scrolls of summoning
 w - 8 scrolls of fog
 C - 14 scrolls of identify
 G - 5 scrolls of fear
 X - 6 scrolls of blinking
Potions
 b - 11 potions of brilliance
 h - 5 potions of ambrosia
 j - 4 potions of cancellation
 m - 21 potions of curing
 n - 6 potions of haste
 A - 2 potions of resistance
 F - a potion of invisibility
 O - 6 potions of might
 R - 4 potions of magic
Miscellaneous
 d - a phial of floods
 M - a phantom mirror
 V - a condenser vane
 W - a lightning rod (4/4)


   Skills:
 - Level 12.0 Fighting
 - Level 10.0 Short Blades
 - Level 6.0 Throwing
 - Level 12.3(16.4) Dodging
 - Level 24.1(27) Stealth
 - Level 12.3(15.0) Shields
 - Level 19.1 Spellcasting
 - Level 8.1(11.1) Conjurations
 - Level 9.1(12.0) Hexes
 - Level 9.1(12.0) Summonings
 - Level 7.4(10.4) Necromancy
 + Level 10.5(13.3) Ice Magic
 - Level 8.0(11.0) Air Magic
 - Level 6.9(10.0) Earth Magic
 - Level 2.7(5.2) Poison Magic
 - Level 12.3(15.0) Evocations


You had 2 spell levels left.
You knew the following spells:

 Your Spells              Type           Power        Failure   Level
a - Freezing Cloud        Conj/Ice/Air   32%          1%          6
b - Swiftness             Air            62%          0%          2
c - Borgnjor's Vile Clut  Necr/Erth      29%          1%          5
d - Airstrike             Air            31%          1%          4
e - Animate Skeleton      Necr           100%         0%          1
f - Lightning Bolt        Conj/Air       31%          1%          5
g - Shadow Creatures      Summ           N/A          1%          6
h - Ozocubu's Refrigerat  Ice            33%          1%          6
i - Mephitic Cloud        Conj/Pois/Air  56%          1%          3
j - Dazzling Flash        Conj/Hex       100%         0%          3
k - Passwall              Tmut/Erth      35%          1%          2
l - Confusing Touch       Hex            64%          0%          3
m - Tukima's Dance        Hex            64%          0%          3
n - Metabolic Englaciati  Hex/Ice        33%          1%          5
o - Invisibility          Hex            64%          1%          6

Your spell library contained the following spells:

 Spells                   Type           Power        Failure   Level
 Corona                   Hex            71%          0%          1
 Freeze                   Ice            100%         0%          1
 Magic Dart               Conj           100%         0%          1
 Pain                     Necr           100%         0%          1
 Sandblast                Erth           100%         0%          1
 Shock                    Conj/Air       100%         0%          1
 Summon Small Mammal      Summ           100%         0%          1
 Call Imp                 Summ           64%          0%          2
 Ensorcelled Hibernation  Hex/Ice        100%         0%          2
 Searing Ray              Conj           100%         0%          2
 Apportation              Tloc           44%          1%          1
 Beastly Appendage        Tmut           44%          1%          1
 Foxfire                  Conj/Fire      100%         1%          1
 Poisonous Vapours        Pois/Air       100%         1%          2
 Wereblood                Tmut           22%          1%          2
 Call Canine Familiar     Summ           64%          0%          3
 Frozen Ramparts          Ice            100%         0%          3
 Ozocubu's Armour         Ice            67%          0%          3
 Static Discharge         Conj/Air       62%          0%          3
 Summon Guardian Golem    Hex/Summ       64%          0%          3
 Conjure Flame            Conj/Fire      45%          1%          3
 Gell's Gravitas          Tloc           11%          1%          3
 Ignite Poison            Fire/Tmut/Pois 29%          1%          3
 Inner Flame              Hex/Fire       47%          1%          3
 Portal Projectile        Hex/Tloc       94%          1%          3
 Spider Form              Tmut/Pois      16%          1%          3
 Teleport Other           Tloc           22%          1%          3
 Vampiric Draining        Necr           30%          1%          3
 Animate Dead             Necr           30%          1%          4
 Cause Fear               Hex            32%          1%          4
 Fulminant Prism          Conj/Hex       31%          1%          4
 Hailstorm                Conj/Ice       65%          1%          4
 Ice Form                 Ice/Tmut       50%          1%          4
 Iskenderun's Mystic Bla  Conj/Tloc      45%          1%          4
 Leda's Liquefaction      Hex/Erth       30%          1%          4
 Petrify                  Tmut/Erth      43%          1%          4
 Sticky Flame             Conj/Fire      45%          1%          4
 Summon Ice Beast         Ice/Summ       66%          1%          4
 Summon Lightning Spire   Summ/Air       63%          1%          4
 Agony                    Necr           60%          1%          5
 Bolt of Magma            Conj/Fire/Erth 25%          1%          5
 Fireball                 Conj/Fire      22%          1%          5
 Iskenderun's Battlesphe  Conj           62%          1%          5
 Lee's Rapid Deconstruct  Erth           29%          1%          5
 Silence                  Hex/Air        31%          1%          5
 Summon Forest            Summ/Tloc      23%          1%          5
 Yara's Violent Unravell  Hex/Tmut       23%          1%          5
 Conjure Ball Lightning   Conj/Air       31%          1%          6
 Death Channel            Necr           30%          1%          6
 Iron Shot                Conj/Erth      30%          1%          6
 Simulacrum               Ice/Necr       32%          1%          6
 Passage of Golubria      Tloc           N/A          4%          4
 Haunt                    Necr/Summ      31%          4%          7
 Orb of Destruction       Conj           31%          4%          7
 Spellforged Servitor     Conj/Summ      31%          4%          7
 Starburst                Conj/Fire      22%          8%          6
 Statue Form              Tmut/Erth      28%          10%         6
 Blade Hands              Tmut           11%          13%         5
 Borgnjor's Revivificati  Necr           30%          43%         8
 Infestation              Necr           30%          43%         8
 Dispersal                Tloc           11%          56%         6
 Dragon Form              Tmut           11%          98%         7
 Necromutation            Tmut/Necr      22%          98%         8
 Dragon's Call            Summ           32%          98%         9
 Tornado                  Air            31%          99%         9
 Disjunction              Tloc           11%          100%        8
 Ignition                 Fire           11%          100%        8
 Death's Door             Necr           30%          100%        9
 Shatter                  Erth           29%          100%        9


Dungeon Overview and Level Annotations

Branches:
Dungeon (15/15)            Temple (1/1) D:4            Lair (6/6) D:11
 Shoals (4/4) Lair:4        Snake (4/4) Lair:4        Slime (0/5) Lair:6
    Orc (2/2) D:9             Elf (3/3) Orc:2        Vaults (5/5) D:14
  Crypt (0/3) Vaults:2     Depths (5/5) D:15            Zot (0/5) Depths:5
  Sewer (visited)         Volcano (visited)

Altars:
Ashenzari
Cheibriados
Dithmenos
Elyvilon
Fedhas
Gozag
Hepliaklqana
Kikubaaqudgha
Makhleb
Nemelex Xobeh
Okawaru
Qazlal
Ru
Sif Muna
Trog
Uskayaw
Vehumet
Wu Jian
Xom
Yredelemnul
Zin
The Shining One
Beogh

Shops:
D:8 **(   D:11 *   D:12 !   D:13 :   Orc:2 [(*?   Elf:1 [[[   Elf:2 (!*
Elf:3 ![(   Shoals:4 [   Snake:2 ((}   Vaults:2 (   Vaults:4 =   Depths:1 :

Portals:
Hell: Depths:1 Depths:2 Depths:3 Depths:4 Depths:5
Abyss: Depths:1 Depths:4*
Pandemonium: Depths:1 Depths:3 Depths:4
Ziggurat: Depths:3
Trove: Vaults:2 (lose all piety)

Annotations:
D:5 2 runed translucent doors
Lair:2 1 runed translucent door, lysyklops's ghost, journeyman OpCj
Lair:5 3 runed translucent doors, Almogavar's ghost, journeyman GnWn
Shoals:2 3 runed translucent doors, Electrofox's ghost, journeyman DrIE
Snake:3 2 transporters
Elf:2 1 runed translucent door, Qiokh's ghost, veteran MiBe
Vaults:4 3 runed translucent doors, Wueresid's ghost, adept DEWz
Depths:4 2 transporters, Camaan's ghost, adept DgCj


Innate Abilities, Weirdness & Mutations

You have razor-sharp teeth.
You heal very quickly.
When hurt, damage is shared between your health and your magic reserves.
Your bite disrupts and absorbs the magic of your enemies.
Potions cannot restore your health.
Your spells are a little easier to cast, but a little less powerful.


Message History

Things that are here:
a +2 battleaxe of electrocution; a +0 chain mail Unknown command.
Casting: Invisibility (mildly dangerous; 1% risk of failure)
Confirm with . or Enter, or press ? or * to list all spells.
Aiming: Airstrike (safe; 1% risk of failure)
Press: ? - help, Dir - move target, f - lich
Aim: a lich The air twists around and strikes the lich!
The lich is lightly damaged.
The lich gestures at you while chanting.
The crystal spear hits you!!!!
Ouch! That really hurt!
* * * LOW HITPOINT WARNING * * *
A yaktaur captain comes into view.
Unknown command.
The lich gestures at you while chanting.
The crystal spear hits you!!!!
Ouch! That really hurt!
You die...

,,,, ,▓▓▓)..▓▓....▓.▓▓▓▓,,*,,*
* * ▓▓▓▓....▓▓▓....▓D...▓, , *,
, ...{...c.▓▓..[.▓....▓,,*, ,
** ▓▓▓▓▓..▓.)▓....▓....▓ { , ,
, ....▓▓.C..§)).....▓ ∆∆∆,*,,
***
▓▓▓▓▓▓▓▓..)§))).▓▓▓▓▓▓▓▓▓▓** ,,
.........()§<))).......... ,
.......).)<))<............,,,
,......)).))<@..........[.. , ,
,............))............, ,
**
▓▓▓▓▓▓▓▓.C.))L..▓▓▓▓▓▓▓▓▓▓*** ,
,, ......)......)..... ,,, ,,*,
,,,,...▓▓.))▓.)..▓X.....,,,,,,,
, ,,**....()(▓....▓...... , , ,
*, ..▓▓..▓.▓....▓.....▓ ,, ,,*,
,,, * ,..▓.▓.▓....▓ ...▓▓ , ,,
* ,** ,,...▓...▓....▓ ....* ,
,, ,


You could see a shadow dragon (wandering), a tentacled monstrosity, a frost
giant, a stone giant, a lich and a yaktaur captain (wandering).

Vanquished Creatures
  Mennas (Depths:4)
  Bai Suzhen (Snake:3)
  Xtahua (Vaults:5)
  A caustic shrike (Depths:5)
  A golden dragon (Depths:4)
  Nikola (Shoals:1)
  3 tentacled monstrosities
  2 liches
  6 sphinxes
  Gastronok (D:10)
  A draconian monk (Depths:5)
  7 nagarajas (Snake:4)
  Donald (Elf:1)
  2 storm dragons
  A tengu reaver (Depths:4)
  6 frost giants
  6 deep elf sorcerers
  10 fire giants
  Louise (Depths:1)
  2 orc warlords (Orc:2)
  9 vault wardens
  A draconian scorcher (Depths:5)
  2 iron dragons (Depths:4)
  A balrug (Depths:1)
  A caustic shrike zombie (D:15)
  17 ironheart preservers
  An angel (Depths:3)
  22 very ugly things
  2 black draconians (Depths:5)
  6 deep elf demonologists
  4 entropy weavers
  2 vampire knights
  22 stone giants
  3 deep elf annihilators
  A green draconian (Depths:5)
  A red draconian (Depths:5)
  2 purple draconians (Depths:5)
  10 spark wasps (Depths:5)
  Azrael (D:13)
  9 ettins
  5 merfolk javelineers
  11 fire dragons
  4 deep elf death magi
  11 great orbs of eyes
  12 yaktaur captains
  2 deep elf high priests
  16 merfolk impalers
  Josephine (D:11)
  26 vault guards
  9 ice dragons
  Fannar (Lair:1)
  Erolcha (D:11)
  A merfolk avatar (Shoals:4)
  A monstrous demonspawn (Depths:1)
  8 naga warriors
  11 rakshasas
  2 spriggan air magi
  8 boulder beetles
  4 hydras
  10 centaur warriors
  11 anacondas
  42 two-headed ogres
  A catoblepas (Shoals:3)
  23 dancing weapons
  4 death knights
  A satyr (Shoals:4)
  3 tengu warriors
  9 naga sharpshooters
  14 deep troll shamans
  17 ogre magi
  7 deep troll earth magi
  3 merfolk aquamancers
  2 vampire magi (Depths:4)
  4 orc high priests (Orc:2)
  8 shock serpents
  2 soul eaters
  4 spriggan berserkers
  Sonja (D:13)
  A fire crab (D:15)
  21 deep elf knights
  A shadow wraith (Depths:1)
  5 iron trolls
  9 sea snakes
  9 skeletal warriors
  5 salamander mystics (Snake:4)
  6 glowing orange brains
  A torturous demonspawn (Depths:4)
  A sea snake (shapeshifter) (Depths:2)
  6 flayed ghosts
  36 deep trolls
  5 wizards
  A deep troll (shapeshifter) (Depths:5)
  18 deep elf archers
  18 unseen horrors
  15 harpies
  12 ironbrand convokers
  7 phantasmal warriors
  4 lindwurms (Snake:4)
  5 necromancers
  4 naga ritualists
  16 orc knights
  A lindwurm (shapeshifter) (Depths:4)
  17 mana vipers
  7 wolf spiders
  36 ugly things
  An oklob plant (Lair:1)
  4 salamanders
  53 deep elf magi
  13 manticores
  A frost giant zombie (D:15)
  10 cyclopes
  6 orc sorcerers
  7 fauns
  14 elephants
  7 merfolk sirens
  An eye of devastation (shapeshifter) (D:10)
  A centaur zombie (D:14)
  10 guardian serpents
  10 vault sentinels
  9 water nymphs
  A fire giant skeleton (D:15)
  An elephant (shapeshifter) (Vaults:5)
  43 black mambas
  A black mamba (shapeshifter) (Vaults:2)
  A frost giant skeleton (D:15)
  A gargoyle (D:14)
  A rust devil (Depths:2)
  19 naga magi
  A torpor snail (shapeshifter) (Vaults:2)
  18 cane toads
  An eye of devastation (Lair:6)
  2 hellions
  An orange demon (Depths:1)
  2 smoke demons (Depths:1)
  6 rime drakes
  A komodo dragon (shapeshifter) (Depths:2)
  4 komodo dragons
  A yaktaur (shapeshifter) (Depths:4)
  47 yaktaurs
  2 ice devils
  10 freezing wraiths
  6 hellwings
  4 tengu conjurers
  A tormentor (Depths:1)
  7 trolls
  4 red devils (Depths:1)
  A queen bee (shapeshifter) (Vaults:3)
  A merfolk (shapeshifter) (Vaults:3)
  4 jumping spiders
  29 merfolk
  A troll (shapeshifter) (Vaults:3)
  A meliai (shapeshifter) (Vaults:2)
  3 tyrant leeches (Lair:6)
  9 wind drakes
  A wind drake (shapeshifter) (Vaults:3)
  17 blink frogs
  51 slime creatures
  A jumping spider (shapeshifter) (Vaults:1)
  5 hornets
  7 snapping turtles
  4 dream sheep
  9 redbacks
  4 shadows
  A spriggan (Depths:2)
  2 air elementals
  A wyvern (shapeshifter) (Depths:2)
  12 water elementals
  A tarantella (Vaults:4)
  11 wraiths
  3 wyverns
  3 fire elementals
  A yak (shapeshifter) (Vaults:1)
  25 yaks
  A steam dragon (Lair:4)
  Eustachio (D:6)
  8 basilisks
  4 chaos spawn (Depths:4)
  5 vampire mosquitoes
  A swamp worm (shapeshifter) (Depths:2)
  7 wargs
  33 nagas
  A floating eye (Depths:4)
  12 hell hounds
  3 large abominations (Depths:4)
  19 water moccasins
  A black bear (D:11)
  53 orc warriors
  3 ice beasts
  5 sky beasts
  3 phantoms
  4 small abominations (Depths:4)
  2 eyes of draining
  A necrophage (D:12)
  40 ogres
  15 centaurs
  14 wolves
  12 boggarts
  Blork the orc (D:5)
  2 gnoll sergeants (D:9)
  4 big kobolds
  20 bullfrogs
  5 earth elementals
  2 scorpions (D:11)
  An elf simulacrum (Vaults:3)
  5 killer bees (D:8)
  5 electric eels
  16 wights
  5 howler monkeys
  3 crimson imps
  5 quasits
  A bullfrog zombie (D:10)
  3 hounds
  3 jellies
  23 orc priests
  21 orc wizards
  4 centaur skeletons
  Ijyb (D:5)
  2 iguanas
  11 worker ants
  A yak simulacrum (Lair:1)
  A hound skeleton (D:10)
  A worker ant zombie (D:11)
  3 gnolls (D:4)
  15 adders
  8 river rats (Sewer)
  3 shadow imps
  2 white imps
  An ufetubus (D:10)
  3 oozes
  An adder zombie (D:5)
  5 worms
  A dart slug (D:1)
  5 leopard geckos
  A leopard gecko (shapeshifter) (Depths:5)
  111 orcs
  6 ball pythons
  6 giant cockroaches
  12 goblins
  14 hobgoblins
  10 jackals
  22 kobolds
  2 quokkas
  9 bats
  2 frilled lizards
  2 jackal skeletons
  A quokka skeleton (D:6)
  25 rats
1944 creatures vanquished.

Vanquished Creatures (collateral kills)
  3 nagarajas (Snake:4)
  An orc warlord (D:10)
  2 ettins
  4 naga warriors
  A centaur warrior (Vaults:1)
  A tengu warrior (D:15)
  5 death yaks
  7 two-headed ogres
  3 naga sharpshooters (Snake:4)
  9 skeletal warriors
  A deep elf knight (Elf:1)
  2 naga ritualists
  A deep elf archer (Elf:2)
  A wizard (Vaults:1)
  An orc knight (Orc:2)
  A deep elf mage (Elf:2)
  An ugly thing (Vaults:1)
  A faun (Shoals:1)
  An orc sorcerer (Orc:2)
  A mana viper (Snake:2)
  A cyclops (D:10)
  7 elephants
  A merfolk siren (Shoals:1)
  A smoke demon (Volcano)
  A guardian serpent (Snake:4)
  Maurice (D:9)
  6 cane toads
  2 naga magi (Snake:4)
  3 komodo dragons
  2 rime drakes
  An anaconda simulacrum (Lair:1)
  A red devil (Volcano)
  3 merfolk
  2 trolls
  A tyrant leech (Lair:6)
  A wolf spider simulacrum (Lair:1)
  10 dream sheep (Lair:6)
  15 blink frogs
  3 snapping turtles
  A human simulacrum (Vaults:3)
  A water elemental (Shoals:2)
  A wyvern (Lair:5)
  16 yaks
  2 basilisks
  5 vampire mosquitoes
  11 nagas
  14 wargs
  A hell hound (Volcano)
  4 water moccasins
  16 orc warriors
  A black bear (D:11)
  A necrophage (D:10)
  6 ogres
  10 wolves
  6 bullfrogs
  3 big kobolds
  A gnoll sergeant (D:9)
  A cane toad simulacrum (Lair:1)
  2 scorpions (D:9)
  A dream sheep simulacrum (Lair:1)
  2 wights (D:10)
  2 howler monkeys (D:11)
  12 orc priests
  5 orc wizards
  A worker ant (D:9)
  A nameless horror (D:11)
  A basilisk simulacrum (Lair:1)
  42 orcs
  3 kobolds (D:9)
282 creatures vanquished.

Vanquished Creatures (others)
  A vault warden (Vaults:1)
  A centaur warrior (Depths:1)
  An ogre mage (Vaults:2)
  A deep troll shaman (Depths:4)
  2 deep troll earth magi
  A deep elf archer (Elf:1)
  A mana viper (Snake:4)
  A naga mage (Snake:4)
  A yaktaur (Vaults:3)
  A rime drake (Lair:6)
  A polar bear (Lair:6)
  A blink frog (Lair:6)
  17 dancing weapons
  A dream sheep (Lair:6)
  2 vampire mosquitoes (Lair:6)
  A water moccasin (Lair:6)
  A sky beast (D:11)
  A centaur (shapeshifter) (Vaults:3)
  An orc (D:15)
  56 bushes
  42 fungi
  183 plants
  11 withered plants
329 creatures vanquished.

Grand Total: 2555 creatures vanquished

Notes
Turn   | Place    | Note
-------+----------+-------------------------------------------
     0 | D:1      | generaletaddeo the Vine Stalker Air Elementalist began the
                  | quest for the Orb.
     0 | D:1      | Reached XP level 1. HP: 9/9 MP: 4/4
   419 | D:1      | Reached XP level 2. HP: 13/13 MP: 3/6
   722 | D:1      | Reached XP level 3. HP: 14/16 MP: 2/7
   725 | D:1      | Learned a level 2 spell: Swiftness
   729 | D:1      | Learned a level 3 spell: Static Discharge
  1759 | D:2      | Found a basalt altar of Yredelemnul.
  1759 | D:2      | Found a hazy altar of Hepliaklqana.
  1763 | D:2      | Gained mutation: Your natural rate of healing is unusually
                  | fast. [Vine Stalker growth]
  1763 | D:2      | Reached XP level 4. HP: 21/21 MP: 8/8
  1982 | D:2      | Found a faded altar of an unknown god.
  2883 | D:3      | Reached XP level 5. HP: 24/24 MP: 3/9
  3520 | D:4      | Learned a level 4 spell: Airstrike
  3756 | D:4      | Reached skill level 3 in Stealth
  3849 | D:4      | Reached XP level 6. HP: 27/28 MP: 6/11
  4373 | D:4      | Found a staircase to the Ecumenical Temple.
  4379 | Temple   | Entered the Ecumenical Temple
  4554 | Temple   | Became a worshipper of Ashenzari the Shackled
  4696 | D:4      | Reached skill level 4 in Stealth
  4789 | D:4      | Learned a level 1 spell: Animate Skeleton
  4971 | D:4      | Found an ornate altar of the Wu Jian Council.
  5042 | D:5      | Entered Level 5 of the Dungeon
  5044 | D:5      | Noticed Blork the orc
  5058 | D:5      | Noticed Ijyb
  5242 | D:5      | Killed Blork the orc
  5243 | D:5      | Reached skill level 5 in Air Magic
  5243 | D:5      | Reached XP level 7. HP: 30/32 MP: 6/12
  5809 | D:5      | Found a snail-covered altar of Cheibriados.
  6029 | D:5      | Killed Ijyb
  6096 | D:5      | Reached skill level 5 in Conjurations
  6109 | D:5      | Reached skill level 5 in Stealth
  6386 | D:6      | Found a glowing drain.
  6409 | D:6      | Gained mutation: You have razor-sharp teeth. [Vine Stalker
                  | growth]
  6409 | D:6      | Reached XP level 8. HP: 36/36 MP: 10/13
  6427 | Sewer    | Entered a sewer
  7551 | D:6      | Noticed Eustachio
  7555 | D:6      | Killed Eustachio
  7556 | D:6      | Reached skill level 6 in Stealth
  8153 | D:6      | Reached skill level 1 in Fighting
  8153 | D:6      | Reached skill level 1 in Short Blades
  8159 | D:6      | Learned a level 5 spell: Lightning Bolt
  8628 | D:5      | Found a runed translucent door.
  8639 | D:5      | Found a runed translucent door.
  8696 | D:5      | Reached XP level 9. HP: 41/41 MP: 17/17
  9003 | D:7      | Upgraded the game from 0.26.1-2-gb8aa6d0cf2 to
                  | 0.26.1-10-gdfb7c7de75
  9076 | D:7      | Found a radiant altar of Vehumet.
  9192 | D:7      | Reached * piety under Ashenzari
  9341 | D:7      | Reached skill level 5 in Spellcasting
  9492 | D:7      | Learned a level 1 spell: Corona
  9724 | D:8      | Found Yhalonopra's Assorted Antiques.
  9734 | D:8      | Bought a hardcover book for 480 gold pieces
 10188 | D:7      | Reached skill level 7 in Stealth
 10761 | D:8      | Identified the Compendium of the Rocks
 10773 | D:8      | Reached skill level 8 in Stealth
 10949 | D:8      | Reached XP level 10. HP: 49/49 MP: 8/21
 11407 | D:8      | Found Evoehacuw's Weapon Shoppe.
 11438 | D:8      | Learned a level 4 spell: Summon Lightning Spire
 11486 | D:8      | Found Uchepoas's Assorted Antiques.
 11682 | D:9      | Found an iron altar of Okawaru.
 11813 | D:9      | Noticed Maurice
 11862 | D:9      | Reached ** piety under Ashenzari
 12546 | D:9      | Learned a level 3 spell: Mephitic Cloud
 12679 | D:9      | Killed Maurice
 12680 | D:9      | Reached skill level 1 in Poison Magic
 13234 | D:9      | Found a staircase to the Orcish Mines.
 13598 | D:10     | Entered Level 10 of the Dungeon
 13742 | D:10     | Noticed a two-headed ogre
 13742 | D:10     | Noticed an ettin
 13742 | D:10     | Noticed a deep elf archer
 13749 | D:10     | Found a runed translucent door.
 13749 | D:10     | Noticed an eye of devastation
 13804 | D:10     | Reached skill level 5 in Fighting
 13804 | D:10     | Reached skill level 5 in Short Blades
 13949 | D:10     | Reached skill level 1 in Summonings
 13966 | D:10     | Reached XP level 11. HP: 55/55 MP: 7/24
 14166 | D:10     | Noticed a cyclops
 14296 | D:10     | Noticed Gastronok
 14437 | D:10     | Killed a cyclops
 15262 | D:10     | Noticed an orc knight
 15552 | D:10     | Noticed an orc warlord
 15614 | D:10     | Killed an orc warlord
 16141 | D:10     | Killed Gastronok
 16142 | D:10     | Reached skill level 5 in Dodging
 16142 | D:10     | Reached skill level 1 in Evocations
 16146 | D:10     | Learned a level 3 spell: Dazzling Flash
 16403 | D:10     | Killed an orc knight
 16404 | D:10     | Reached skill level 1 in Hexes
 16789 | D:11     | Found Siremacs's General Store.
 16824 | D:11     | Noticed a boulder beetle
 16926 | D:11     | Killed a boulder beetle
 16955 | D:11     | Reached skill level 9 in Stealth
 17216 | D:11     | Gained mutation: You heal very quickly. [Vine Stalker
                  | growth]
 17216 | D:11     | Reached XP level 12. HP: 47/60 MP: 15/26
 17321 | D:11     | Found a staircase to the Lair.
 17917 | D:8      | Bought a runed leather armour for 160 gold pieces
 18082 | Lair:1   | Entered Level 1 of the Lair of Beasts
 18298 | Lair:1   | Reached skill level 10 in Stealth
 18438 | Lair:1   | Found a transporter.
 18491 | Lair:1   | Found a transporter.
 18529 | Lair:1   | Noticed an eight-headed hydra
 18749 | Lair:1   | Reached skill level 10 in Spellcasting
 18927 | Lair:1   | Reached *** piety under Ashenzari
 19656 | Lair:2   | Found a runed translucent door.
 19656 | Lair:2   | Noticed lysyklops's ghost (journeyman OpCj)
 20240 | Lair:3   | Found a dark tunnel.
 20242 | Lair:3   | Noticed a boulder beetle
 20269 | Lair:3   | Killed a boulder beetle
 20295 | Volcano  | Entered a volcano
 20445 | Volcano  | Learned a level 2 spell: Passwall
 20726 | Lair:3   | Reached XP level 13. HP: 61/65 MP: 17/28
 21197 | Lair:3   | Reached skill level 11 in Stealth
 21525 | Lair:4   | Reached **** piety under Ashenzari
 21817 | Lair:1   | Noticed Fannar
 22115 | Lair:4   | Learned a level 3 spell: Confusing Touch
 22618 | Lair:4   | Found a staircase to the Snake Pit.
 23270 | Lair:5   | Noticed a minotaur
 23274 | Lair:5   | Noticed Almogavar's ghost (journeyman GnWn)
 23309 | Lair:5   | Found a runed translucent gate.
 23309 | Lair:5   | Found a runed translucent gate.
 23309 | Lair:5   | Found a runed translucent gate.
 23532 | Lair:6   | Entered Level 6 of the Lair of Beasts
 23599 | Lair:6   | Reached skill level 12 in Stealth
 23921 | Lair:6   | Reached XP level 14. HP: 74/74 MP: 15/29
 24417 | Lair:6   | Found a staircase to the Slime Pits.
 24708 | Lair:6   | Reached skill level 10 in Fighting
 25251 | Lair:6   | Identified a scroll of acquirement
 26005 | Lair:4   | Found a staircase to the Shoals.
 26149 | D:11     | Acquired the cursed +0 pair of boots of the Fifty Youths
                  | {rCorr Int+5}
 26188 | D:12     | Noticed Josephine
 26870 | D:12     | Noticed Erolcha
 26883 | D:11     | Killed Erolcha
 26886 | D:11     | Killed Josephine
 26887 | D:11     | Reached skill level 5 in Evocations
 27289 | D:12     | Found Ylloe's Distillery.
 27292 | D:12     | Bought a potion of might for 48 gold pieces
 27554 | D:13     | Found a shadowy altar of Dithmenos.
 27660 | D:13     | Found Morojedae's Book Shop.
 27727 | D:13     | Reached ***** piety under Ashenzari
 27802 | D:13     | Noticed Sonja
 27842 | D:13     | Learned a level 3 spell: Tukima's Dance
 27857 | D:13     | Killed Sonja
 28118 | D:14     | Found a white marble altar of Elyvilon.
 28326 | D:14     | Found a gate to the Vaults.
 28557 | D:14     | Reached XP level 15. HP: 80/80 MP: 28/31
 29155 | D:14     | Found a stormy altar of Qazlal.
 29998 | D:15     | Entered Level 15 of the Dungeon
 30181 | Lair:1   | Killed Fannar
 30396 | Lair:1   | Got the uncursed helmet of a Labyrinth {Dex+2 Slay+3
                  | Stlth+}
 30411 | Lair:1   | Identified the +0 helmet of a Labyrinth {Dex+2 Slay+3
                  | Stlth+} (You found it on level 1 of the Lair of Beasts)
 30612 | D:13     | Noticed Azrael
 30618 | D:13     | Killed Azrael
 30864 | D:11     | Bought a scroll of identify for 28 gold pieces
 30981 | Orc:1    | Entered Level 1 of the Orcish Mines
 31382 | Orc:2    | Entered Level 2 of the Orcish Mines
 31580 | Orc:2    | Reached skill level 10 in Dodging
 31856 | Orc:2    | Noticed an orc warlord
 32022 | Orc:2    | Found a roughly hewn altar of Beogh.
 32143 | Orc:2    | Found Iweacva's Weapon Emporium.
 32157 | Orc:2    | Found Kemisan's Antique Armour Shoppe.
 32323 | Orc:2    | Killed an orc warlord
 32511 | Orc:2    | Found a staircase to the Elven Halls.
 32869 | Orc:2    | Noticed an orc warlord
 33016 | Orc:2    | Killed an orc warlord
 33246 | Orc:2    | Reached skill level 5 in Hexes
 33253 | Orc:2    | Found Leudim's General Store.
 33266 | Orc:2    | Bought a scroll of identify for 34 gold pieces
 33266 | Orc:2    | Bought a scroll of identify for 34 gold pieces
 33277 | Orc:2    | Found a roughly hewn altar of Beogh.
 33286 | Orc:2    | Found Igiyced's Magic Scroll Shoppe.
 33307 | Orc:2    | Bought a scroll of identify for 34 gold pieces
 33383 | Orc:2    | Bought a +0 hunting sling of flaming for 61 gold pieces
 33642 | D:8      | Bought the +8 short sword "Jiclabbo" {vamp, +Rage rElec
                  | MP-9} for 784 gold pieces
 34405 | D:15     | Reached XP level 16. HP: 85/85 MP: 24/33
 34527 | D:15     | HP: 1/85 [white ugly thing (11)]
 34818 | D:15     | Reached skill level 13 in Stealth
 35425 | D:15     | Found a staircase to the Depths.
 35987 | D:15     | Learned a level 5 spell: Metabolic Englaciation
 36458 | Snake:1  | Entered Level 1 of the Snake Pit
 36730 | Snake:1  | Reached skill level 1 in Ice Magic
 37137 | Snake:1  | Found a sacrificial altar of Ru.
 37515 | Snake:2  | Reached skill level 10 in Short Blades
 38197 | Snake:2  | Found Hos Waj's Antique Weapon Boutique.
 38199 | Snake:2  | Found Naduc's Antique Weapon Shop.
 38201 | Snake:2  | Found Xirin's Gadget Boutique.
 38343 | Snake:2  | Bought a glowing quick blade for 630 gold pieces
 38615 | Snake:3  | Reached XP level 17. HP: 89/89 MP: 20/35
 38726 | Snake:3  | Found a transporter.
 38730 | Snake:3  | Identified the ring of Vaehagh {*Tele *Corrode rElec rF+
                  | SInv}
 38752 | Snake:3  | Found a shimmering altar of Xom.
 38979 | Snake:3  | Reached skill level 14 in Stealth
 39087 | Snake:3  | Noticed Bai Suzhen
 39616 | Elf:1    | Entered Level 1 of the Elven Halls
 39940 | Elf:1    | Found Yqemiw's Antique Armour Shop.
 40105 | Elf:1    | Found Ditumiv's Antique Armour Shop.
 40134 | Elf:1    | Found Ucidduri's Antique Armour Shoppe.
 40316 | Elf:1    | Identified the +10 kite shield "Raupaben" {Rampage rN++
                  | Will+}
 40316 | Elf:1    | Noticed Donald
 40323 | Elf:1    | Killed Donald
 40720 | Elf:1    | Reached skill level 1 in Shields
 41037 | Elf:2    | Found a runed translucent gate.
 41068 | Elf:2    | Found a runed translucent gate.
 41072 | Elf:2    | Found a runed translucent gate.
 41080 | Elf:2    | Found Vaagisen's Assorted Antiques.
 41110 | Elf:2    | Identified the Grimoire of Conjuration and the Voyage
 41409 | Elf:2    | Found a runed translucent door.
 41409 | Elf:2    | Noticed Qiokh's ghost (veteran MiBe)
 41420 | Elf:2    | Found Tuow's Distillery.
 41512 | Elf:2    | Found Mausutiv's Antique Weapon Emporium.
 42162 | Elf:2    | Reached XP level 18. HP: 87/96 MP: 29/36
 42363 | Elf:2    | Reached skill level 15 in Stealth
 42969 | Elf:3    | Entered Level 3 of the Elven Halls
 43051 | Elf:3    | Reached ****** piety under Ashenzari
 43080 | Elf:3    | Found Ecawkin's Antique Weapon Emporium.
 43080 | Elf:3    | Found Cikouxke's Armour Shoppe.
 43169 | Elf:3    | Found a shimmering blue altar of Sif Muna.
 43469 | Elf:3    | Found Loman's Distillery.
 43952 | Shoals:1 | Entered Level 1 of the Shoals
 44042 | Shoals:1 | Noticed Nikola
 44448 | Shoals:1 | Killed Nikola
 45156 | Shoals:2 | Found a runed translucent gate.
 45156 | Shoals:2 | Found a runed translucent gate.
 45156 | Shoals:2 | Found a runed translucent gate.
 45199 | Shoals:2 | Noticed Electrofox's ghost (journeyman DrIE)
 45400 | Shoals:2 | Reached skill level 16 in Stealth
 45867 | Shoals:3 | Reached skill level 5 in Shields
 46888 | Elf:1    | Bought a translucent leather armour for 168 gold pieces
 46888 | Elf:1    | Bought a heavily runed helmet for 228 gold pieces
 46888 | Elf:1    | Identified the +1 helmet of Hino {rElec Str+4 Int+2} (You
                  | bought it in a shop on level 1 of the Elven Halls)
 46888 | Elf:1    | Bought a heavily runed cloak for 228 gold pieces
 46888 | Elf:1    | Identified the +2 cloak "Ceumnyer" {Harm rPois Int+4} (You
                  | bought it in a shop on level 1 of the Elven Halls)
 47263 | Snake:4  | Entered Level 4 of the Snake Pit
 47335 | Snake:4  | Found a runed translucent door.
 48032 | Snake:4  | Reached XP level 19. HP: 102/102 MP: 28/37
 48765 | Snake:4  | Reached skill level 17 in Stealth
 49100 | Snake:4  | Got a serpentine rune of Zot
 49390 | Snake:3  | Found a transporter.
 49442 | Snake:3  | Killed Bai Suzhen
 49443 | Snake:3  | Reached skill level 10 in Evocations
 49656 | D:11     | Learned a level 6 spell: Invisibility
 49856 | Shoals:4 | Entered Level 4 of the Shoals
 49871 | Shoals:4 | Found Zollenof's Antique Armour Emporium.
 50536 | Shoals:4 | Identified Qeocukh's Almanac of the Creative Oath
 50760 | Shoals:4 | Reached XP level 20. HP: 107/107 MP: 36/39
 50803 | Shoals:4 | Got a barnacled rune of Zot
 51064 | Shoals:3 | Reached skill level 18 in Stealth
 51429 | Elf:1    | Bought a pair of embroidered gloves for 195 gold pieces
 51669 | Vaults:1 | Entered Level 1 of the Vaults
 52628 | Vaults:1 | Reached skill level 10 in Shields
 52731 | Vaults:1 | Reached skill level 1 in Throwing
 53371 | Vaults:2 | Found Osoab's Antique Weapon Shoppe.
 53714 | Vaults:2 | Found a portal to a secret trove of treasure.
 53999 | Vaults:2 | Found a transporter.
 54000 | Vaults:2 | Found a shimmering blue altar of Sif Muna.
 54709 | Vaults:2 | Found a staircase to the Crypt.
 54709 | Vaults:2 | Found a basalt altar of Yredelemnul.
 54709 | Vaults:2 | Found an ancient bone altar of Kikubaaqudgha.
 54960 | Vaults:3 | Reached skill level 5 in Throwing
 54967 | Vaults:3 | Reached XP level 21. HP: 111/111 MP: 40/40
 56363 | Vaults:3 | Reached skill level 15 in Spellcasting
 57424 | Vaults:3 | Learned a level 6 spell: Freezing Cloud
 57629 | Vaults:1 | Learned a level 5 spell: Borgnjor's Vile Clutch
 57818 | Vaults:4 | Reached skill level 1 in Necromancy
 57818 | Vaults:4 | Reached skill level 1 in Earth Magic
 58063 | Vaults:3 | Reached skill level 5 in Ice Magic
 58067 | Vaults:3 | Reached XP level 22. HP: 115/115 MP: 42/42
 58099 | Vaults:4 | Found a runed translucent gate.
 58099 | Vaults:4 | Found a runed translucent gate.
 58099 | Vaults:4 | Found a runed translucent gate.
 58120 | Vaults:4 | Noticed Wueresid's ghost (adept DEWz)
 58917 | Vaults:4 | Reached skill level 5 in Necromancy
 58917 | Vaults:4 | Reached skill level 5 in Earth Magic
 59454 | Vaults:4 | Found Zuvar's Jewellery Emporium.
 59877 | Vaults:2 | Found a transporter.
 60831 | Shoals:4 | Bought a ripped robe for 131 gold pieces
 60832 | Shoals:4 | Bought a twisted ring mail for 207 gold pieces
 60842 | Shoals:4 | Identified the +3 ring mail of Unwear {+Inv rElec} (You
                  | bought it in a shop on level 4 of the Shoals)
 60863 | Shoals:4 | Identified the +1 robe "Yhiec" {Slay+6} (You bought it in a
                  | shop on level 4 of the Shoals)
 61194 | Depths:1 | Entered Level 1 of the Depths
 61251 | Depths:1 | Reached skill level 19 in Stealth
 61500 | Depths:1 | Found a one-way gate leading to the halls of Pandemonium.
 61632 | Depths:1 | Found Riucwujo's Book Emporium.
 61678 | Depths:1 | Found a one-way gate to the infinite horrors of the Abyss.
 61679 | Depths:1 | Noticed Louise
 61684 | Depths:1 | Killed Louise
 61919 | Depths:1 | Reached skill level 20 in Stealth
 62518 | Depths:1 | Reached skill level 21 in Stealth
 62524 | Depths:1 | Identified the ring "Sadgh" {Dex+10 SInv Stlth+}
 62955 | Depths:1 | Found a gateway to Hell.
 63037 | Depths:2 | Reached XP level 23. HP: 119/119 MP: 37/43
 63044 | Depths:2 | Reached skill level 22 in Stealth
 63473 | Depths:2 | Identified the +2 leather armour of Cepralum {+Fly Str-3
                  | Int+4} (You bought it in a shop on level 1 of the Elven
                  | Halls)
 63979 | Depths:2 | Reached skill level 23 in Stealth
 64294 | Depths:2 | Identified the amulet "Eschyohi" {Faith rC+++ Slay+6
                  | Stlth-}
 64331 | Depths:2 | Reached skill level 24 in Stealth
 64525 | Depths:2 | Reached skill level 5 in Summonings
 64986 | Depths:3 | Found a gateway to a ziggurat.
 65661 | Depths:3 | Found a glowing golden altar of the Shining One.
 65771 | Depths:3 | Identified the +1 scale mail of Youthful Indiscretion
                  | {Str+2}
 66193 | Depths:4 | Reached XP level 24. HP: 124/124 MP: 37/44
 66234 | Depths:4 | Learned a level 6 spell: Shadow Creatures
 66352 | Depths:4 | Noticed Mennas
 66637 | Depths:4 | Identified the amulet of Cottiadgh {Acrobat rPois Will+
                  | MP+9 Str-3}
 67112 | Depths:4 | Killed Mennas
 67216 | Depths:4 | Noticed Camaan's ghost (adept DgCj)
 67245 | Depths:4 | Found a transporter.
 67245 | Depths:4 | Identified the +11 morningstar "Bunniani" {distort, rF+
                  | Int+3}
 67252 | Depths:4 | Found a transporter.
 67351 | Depths:5 | Entered Level 5 of the Depths
 68017 | Depths:5 | Found a gate to the Realm of Zot.
 68065 | Depths:5 | Noticed a caustic shrike
 68069 | Depths:5 | Killed a caustic shrike
 68397 | Depths:5 | Gained mutation: Your spells are a little easier to cast,
                  | but a little less powerful. [mutagenic glow]
 68544 | Depths:5 | Reached XP level 25. HP: 126/128 MP: 46/47
 68660 | Depths:5 | Learned a level 6 spell: Ozocubu's Refrigeration
 68962 | Vaults:4 | Bought the ring of Symmetry {rF+ Dex+3 Slay+4} for 1572
                  | gold pieces
 68997 | Vaults:5 | Entered Level 5 of the Vaults
 68997 | Vaults:5 | Noticed Xtahua
 69010 | Vaults:5 | Killed Xtahua
 69028 | Vaults:5 | Reached skill level 10 in Ice Magic
 69140 | Vaults:5 | Killed from afar by a lich

Illustrated notes

Levels and vault maps discovered:
D:1:      dpeg_arrival_concentric_ovals, layout_basic, minmay_quantized
D:2:      layout_loops_cross, gammafunk_temple_overflow_elements,
          chequers_ecumenical_altar_island, minivault_14
D:3:      layout_rooms, minmay_misc_feat_iff
D:4:      layout_cave_pods, nzn_wu_jian_council_hall, temple_green
D:5:      lemuel_insect_pit, layout_loops_ring, cheibriados_altar_1,
          uniq_blork_the_orc, uniq_ijyb
D:6:      layout_loops_ring, cheibrodos_sewer_entry_bend, serial_bayou_pond_a,
          kennysheep_generic_room_2, uniq_eustachio
D:7:      layout_cave_pods, kennysheep_little_box
D:8:      layout_rooms, serial_rivers, chequers_serial_rivers_marsh,
          chequers_serial_rivers_micro_b, chequers_serial_rivers_large_b,
          chequers_serial_rivers_micro_c, chequers_serial_rivers_small_3,
          chequers_serial_rivers_small_3, serial_shops, shop_statue, shop,
          nicolae_shop_overgrown_old_shop, serial_bayou_pond_a
D:9:      layout_cross, overflow_temple_1_default,
          kennysheep_orc_monster_closet_entryway, uniq_maurice
D:10:     lemuel_castle_with_subvaults [lemuel_castle_interior_carwin_2],
          layout_irregular_city, minivault_13, uniq_gastronok
D:11:     layout_cave_pools, minmay_lair_entry_grove, serial_shops, shop
D:12:     layout_loops_ring, serial_shops, nicolae_shop_behind_doors,
          hangedman_abyss_or_decor_passed, uniq_josephine, uniq_erolcha
D:13:     layout_cave_pods, serial_shops, shop_coins,
          nicolae_dithmenos_shadow_blocks, uniq_sonja, uniq_azrael
D:14:     layout_grid_maze, erik_vaults_1, basic_altar,
          nicolae_qazlal_general_emergency
D:15:     gammafunk_depths_entry_grave, layout_gridville,
          hangedman_abyss_or_decor_stabs, minivault_5
Temple:   eino_temple_rhombus
Lair:1:   gammafunk_cloud_chamber, layout_gridlike, minmay_lair_oklob_items,
          uniq_fannar
Lair:2:   layout_small_grid, gammafunk_ghost_grave, grunt_megastairs_4
Lair:3:   layout_roguey, nicolae_volcano_entry_lava_flow, grunt_megastairs_5
Lair:4:   layout_cave_pods, elwin_shoals_entry_rooms,
          guppyfry_snake_entry_island, minmay_lair_drake_nest,
          grunt_megastairs_2, serial_bayou_shore_a
Lair:5:   layout_loops_ring, maelrawn_ghost_gauntlet_escape
Lair:6:   minmay_lair_end_frog_pond, layout_gridlike, minmay_slime_entry_eyes,
          lemuel_old_faithful
Shoals:1: layout_shoals, uniq_nikola
Shoals:2: layout_shoals, ebering_ghost_rock_garden,
          nicolae_shoals_dead_sea_scrolls
Shoals:3: layout_shoals, argonaut_gorgonesque
Shoals:4: shoals_end_simple, layout_shoals, serial_shops, shop
Snake:1:  layout_onion, basic_altar, lemuel_fruit_tree, grunt_megastairs_3,
          serial_bayou_shore_b
Snake:2:  layout_onion_interference, minmay_shop_star
Snake:3:  gammafunk_the_bubble [the_bubble_gammafunk_plus_minus],
          layout_layer_cave, basic_altar, uniq_bai_suzhen
Snake:4:  snake_pit_salamanders_mu, layout_gridlike, special_room,
          lightli_airlock
Orc:1:    layout_caves
Orc:2:    pubby_orc_utopia, serial_shops
Elf:1:    layout_geoelf_diagonals, serial_shops, nicolae_shop_stone, shop, shop,
          hangedman_elf_disciples, uniq_donald
Elf:2:    layout_gridlike, serial_shops, shop, shop, shop,
          gammafunk_ghost_grave, uniq_aizul, uniq_louise
Elf:3:    minmay_elf_hall_spiked, layout_geoelf_castle, serial_shops, shop,
          basic_altar, minmay_shoptagon
Vaults:1: ontoclasm_vaults_loading_screen, vaults_room_hallway,
          nicolae_vaults_network_quincunx
          [nicolae_vaults_network_quincunx_subvault,
          nicolae_vaults_network_quincunx_subvault,
          nicolae_vaults_network_quincunx_subvault,
          nicolae_vaults_network_quincunx_subvault,
          nicolae_vaults_network_quincunx_subvault], v_pattern_3,
          vaults_dpeg_hooks, vaults_mumra_chevron_long, vaults_dpeg_ring,
          v_alt_pattern_5, v_misc_19, vaults_mumra_hexcomb,
          nicolae_vaults_diagonal_hallway_8, vaults_room_fours,
          vaults_dpeg_spiral, ontoclasm_vaults_bender, layout_vaults_big_cross
Vaults:2: nicolae_vaults_network_s, grunt_vaults_twisty,
          nicolae_vaults_asterisk, nicolae_vaults_big_angled_halls, v_misc_1,
          vaults_room_stairs_pillars, minmay_crypt_entry_necro_gods,
          gammafunk_sealed_library, nicolae_vaults_network_star,
          vaults_mumra_hex, layout_vaults_omnigrid, serial_shops, shop,
          enter_trove_3
Vaults:3: nicolae_vaults_network_periphery, dpeg_vaults_monster_box,
          ontoclasm_vaults_shuriken, st_eye, hangedman_vaults_nodes,
          vaults_mumra_lcd, v_misc_28, v_misc_26, vaults_standard_mumra_x,
          grunt_vaults_bifocal, vaults_room_fancy_cross, vaults_room_large_hall,
          v_misc_17, ontoclasm_vaults_decontamination, ontoclasm_vaults_tryst,
          layout_vaults_omnibox
Vaults:4: gammafunk_vaults_ghost_necromancy, hangedman_vaults_slice,
          v_pattern_5, v_alt_pattern_2, nicolae_vaults_windows_and_doors_thing,
          v_misc_33, grunt_vaults_focal, v_misc_29,
          nicolae_vaults_little_squares_5, vaults_room_pools,
          layout_vaults_big_room, serial_shops, shop
Vaults:5: serial_shops, uniq_xtahua
Depths:1: minmay_haunted_quarter, layout_honeycomb, hellmouth_2,
          nicolae_abyss_entry_one_way_or_another, rand_demon_pan_entry_3,
          serial_shops, nicolae_shop_statue_plus, nrook_campfire,
          due_unseen_surprise
Depths:2: nooodl_heptagram, layout_basic, grunt_hell_entry_dis_mu,
          serial_sigils_hangedman_confine
Depths:3: abrahamwl_protected_by_tso_2, layout_honeycomb, enter_ziggurat_e,
          hell_entry, pan_entry, nicolae_water_bricks,
          infiniplex_staircase_pool_2
Depths:4: minmay_the_grid_net [minmay_the_grid_doors,
          minmay_the_grid_stretched_grid, minmay_the_grid_odd_star,
          minmay_the_grid_fan, minmay_the_grid_tri_star,
          minmay_the_grid_prize_inner_circle], layout_cave_pools,
          minmay_room_of_horrors, gammafunk_ghost_abyssal_escape,
          grunt_pan_entry_spiral, hell_entry, uniq_mennas
Depths:5: grunt_zot_entry_alcove, layout_cave_pools, hell_entry,
          minmay_liquid_box, drop_trap, serial_sigils_hangedman_quiver,
          minmay_hedge_maze, kennysheep_flooded_box, kb_rosetta

Skill      XL: |  1  2  3  4  5  6  7  8  9 10 11 12 13 14 15 16 17 18 19 20 21 22 23 24 25 |
---------------+----------------------------------------------------------------------------+-----
Conjurations   | 2 3 4 5 6 7 8 |  8.1
Spellcasting   | 3 4 6 8 9 10 11 12 13 14 15 16 19 | 19.1
Air Magic      | 4 5 6 7 8 |  8.0
Stealth        | 3 4 5 6 8 9 10 12 13 14 16 17 18 21 24 | 24.1
Fighting       | 1 3 5 6 8 10 11 12 | 12.0
Short Blades   | 1 3 5 7 8 10 | 10.0
Poison Magic   | 2 |  2.7
Dodging        | 3 5 6 7 9 10 11 12 | 12.3
Summonings     | 1 2 6 9 |  9.1
Evocations     | 2 4 5 7 9 10 12 | 12.3
Hexes          | 2 3 5 7 8 9 |  9.1
Ice Magic      | 3 4 5 6 10 | 10.5
Shields        | 4 6 8 11 12 | 12.3
Throwing       | 5 6 |  6.0
Necromancy     | 2 6 7 |  7.4
Earth Magic    | 2 6 |  6.9

Action                   |  1- 3 |  4- 6 |  7- 9 | 10-12 | 13-15 | 16-18 | 19-21 | 22-24 | 25-27 || total
-------------------------+-------+-------+-------+-------+-------+-------+-------+-------+-------++-------
Melee: Unarmed           |     1 |       |       |       |       |       |       |       |       ||     1
       Short sword       |    15 |       |       |       |    66 |   521 |   270 |     6 |     2 ||   880
       Club              |     3 |       |       |       |       |       |       |       |       ||     3
       Bite              |     4 |     7 |    25 |   114 |   405 |   343 |   369 |   357 |    27 ||  1651
       Dagger            |     1 |    38 |    97 |   471 |  1226 |   387 |   792 |   370 |       ||  3382
       Trident           |       |       |       |       |     1 |       |       |       |       ||     1
       Quick blade       |       |       |       |       |       |    85 |     2 |   515 |    46 ||   648
       Rapier            |       |       |       |       |       |       |    38 |    35 |       ||    73
Throw: Dart              |       |     5 |     9 |    20 |     6 |     1 |     1 |       |       ||    42
 Cast: Shock             |    43 |    95 |   159 |    47 |       |       |     2 |       |       ||   346
       Static Discharge  |       |     5 |    27 |    41 |    16 |       |     3 |       |       ||    92
       Airstrike         |       |     4 |    17 |    44 |    35 |   102 |    29 |    34 |     1 ||   266
       Animate Skeleton  |       |       |     2 |     2 |    12 |     9 |     7 |       |       ||    32
       Corona            |       |       |     6 |    43 |    29 |    14 |     4 |       |       ||    96
       Lightning Bolt    |       |       |     2 |     7 |     5 |     4 |     2 |     4 |       ||    24
       Summon Lightning  |       |       |       |    86 |    78 |    19 |    19 |       |       ||   202
       Mephitic Cloud    |       |       |       |     3 |    19 |    14 |     6 |       |       ||    42
       Dazzling Flash    |       |       |       |    53 |    86 |   166 |   138 |   117 |     8 ||   568
       Confusing Touch   |       |       |       |       |   112 |    73 |    51 |    28 |       ||   264
       Passwall          |       |       |       |       |    22 |    51 |     5 |    73 |       ||   151
       Tukima's Dance    |       |       |       |       |    71 |    67 |    29 |    15 |     1 ||   183
       Metabolic Englaci |       |       |       |       |       |    11 |    15 |     9 |     4 ||    39
       Invisibility      |       |       |       |       |       |       |    41 |    40 |     2 ||    83
       Borgnjor's Vile C |       |       |       |       |       |       |     1 |    39 |     3 ||    43
       Freezing Cloud    |       |       |       |       |       |       |       |    31 |     9 ||    40
       Shadow Creatures  |       |       |       |       |       |       |       |     3 |       ||     3
       Ozocubu's Refrige |       |       |       |       |       |       |       |       |     8 ||     8
Invok: Curse Item        |       |     1 |     1 |       |     1 |     2 |     1 |     1 |       ||     7
       Scrying           |       |       |       |     1 |     1 |     6 |       |     5 |       ||    13
 Abil: Evoke Flight      |       |       |       |       |     5 |    34 |    25 |    10 |       ||    74
       Stop Flying       |       |       |       |       |     1 |    22 |    13 |     2 |       ||    38
Evoke: Wand              |       |       |       |       |     3 |     4 |       |     1 |       ||     8
  Use: Scroll            |       |     9 |     6 |     4 |    18 |     4 |     9 |     7 |       ||    57
       Potion            |       |       |       |       |       |       |     1 |     1 |     3 ||     5
 Stab: Sleeping          |     5 |     5 |    16 |    23 |    68 |    81 |   171 |   129 |       ||   498
       Distracted        |       |       |       |    12 |    18 |     7 |     6 |     7 |       ||    50
       Confused          |       |       |       |     1 |   104 |    78 |    41 |    23 |       ||   247
       Invisible         |       |       |       |    26 |    53 |   105 |   190 |   167 |     8 ||   549
       Paralysed         |       |       |       |       |       |     2 |       |     1 |       ||     3
       Held in net/web   |       |       |       |       |       |       |     1 |       |       ||     1
Armor: Robe              |     8 |    20 |    28 |     9 |       |       |       |     5 |     1 ||    71
       Leather armour    |       |       |       |    90 |   146 |    56 |    32 |    12 |       ||   336
       Troll leather arm |       |       |       |       |    44 |    13 |       |       |       ||    57
Dodge: Dodged            |    24 |    36 |    85 |   276 |   810 |   420 |   254 |   222 |    15 ||  2142
Block: Other             |       |       |    28 |    85 |   186 |    51 |       |       |       ||   350
       Reflection        |       |       |     4 |     9 |     6 |    26 |   102 |    31 |     2 ||   180
       Buckler           |       |       |       |       |       |    55 |       |       |       ||    55
       Kite shield       |       |       |       |       |       |   218 |   779 |   564 |    19 ||  1580
